 Dungeon Crawl Stone Soup version 0.27.0-1-g7a08968 (webtiles) character file.

Game seed: 1035029391419265016

480 thesequoiad the Skirmisher (level 6, -5/57 HPs)
             Began as a Minotaur Fighter on Aug 8, 2021.
             Slain by an ogre (13 damage)
             ... on level 4 of the Dungeon on Aug 9, 2021.
             The game lasted 00:05:43 (3083 turns).

thesequoiad the Skirmisher (Minotaur Fighter)       Turns: 3083, Time: 00:05:44

Health: -5/57      AC:  8    Str: 22    XL:     6   Next: 86%
Magic:  5/5        EV:  8    Int:  5    God:
Gold:   280        SH: 10    Dex: 10    Spells: 5/5 levels left

rFire    . . .     SeeInvis .   a - +0 war axe
rCold    . . .     Faith    .   c - +0 kite shield
rNeg     . . .     Spirit   .   b - +0 scale mail
rPois    .         Reflect  .   (helmet restricted)
rElec    .         Harm     .   g - scarf {repulsion}
rCorr    .         Rampage  .   q - +0 pair of gloves
Will     .....                  (no boots)
Stlth    ..........             (no amulet)
HPRegen  0.19/turn              (no ring)
MPRegen  0.09/turn              (no ring)

@: repel missiles
A: horns 2, retaliatory headbutt
a: no special abilities


You were on level 4 of the Dungeon.
You visited 1 branch of the dungeon, and saw 4 of its levels.

You collected 280 gold pieces.

Inventory:

Hand Weapons
 a - a +0 war axe (weapon)
 j - a +0 dagger of venom
Missiles
 l - 13 poisoned darts (quivered)
Armour
 b - a +0 scale mail (worn)
 c - a +0 kite shield (worn)
 g - a scarf of repulsion (worn)
 p - a +0 troll leather armour
 q - a +0 pair of gloves (worn)
Scrolls
 e - a scroll of noise {unknown}
 f - 2 scrolls of fear {unknown}
 k - a scroll of enchant armour {unknown}
 m - 2 scrolls of teleportation {unknown}
 n - a scroll of silence {unknown}
 o - 2 scrolls of identify {unknown}
Potions
 d - 2 potions of might
 h - 2 potions of degeneration {unknown}
 i - 2 potions of curing {unknown}
 r - a potion of lignification {unknown}


   Skills:
 + Level 5.9 Fighting
 + Level 5.1 Axes
 - Level 5.0 Armour
 + Level 5.8 Shields


You had 5 spell levels left.
You didn't know any spells.
Your spell library contained the following spells:

 Spells                   Type           Power      Damage    Failure   Level
 Corona                   Hex            0%         N/A       99%         1
 Ensorcelled Hibernation  Hex/Ice        0%         N/A       100%        2
 Tukima's Dance           Hex            0%         N/A       100%        3


Dungeon Overview and Level Annotations

Branches:
Dungeon (4/15)
 Temple: D:4-7

Altars:
Nemelex Xobeh
Ru


Innate Abilities, Weirdness & Mutations

You have a pair of horns on your head.
You reflexively headbutt those who attack you in melee.


Message History

The ufetubus is heavily wounded.
The ufetubus closely misses you. x2; You block the ufetubus's attack. x2
You closely miss the ufetubus. You headbutt the ufetubus.
You kill the ufetubus!
No target in view!
No target in view!
No target in view!
Things that are here:
a +0 club; a goblin corpse You now have 267 gold pieces (gained 11).
You now have 280 gold pieces (gained 13).
There is an open door here.
An ogre comes into view. It is wielding a +0 giant club.
You block the ogre's attack.
You slash the ogre!
The ogre is heavily wounded.
The ogre hits you with a +0 giant club!
You hit the ogre.
The ogre is heavily wounded.
You block the ogre's attack.
You barely miss the ogre.
The ogre is heavily wounded.
The ogre hits you with a +0 giant club!
You hit the ogre.
The ogre is severely wounded.
You block the ogre's attack.
Your shield prevents you from hitting the ogre.
You headbutt the ogre!
The ogre is almost dead.
The ogre hits you with a +0 giant club!
* * * LOW HITPOINT WARNING * * *
You are too injured to fight recklessly!
You are too injured to fight recklessly!
You barely miss the ogre.
The ogre is almost dead.
The ogre hits you with a +0 giant club!
* * * LOW HITPOINT WARNING * * *
Okay, then.
The ogre hits you with a +0 giant club!
You die...

#......###..#
##.#..#).#
#########..###
##.#..###.. ###..#
##.#.....#.. #..###
##.#..#..###. ###..#
##.#..#.##..#.
#..#####.#..#.##..###
###..##.#..#.#####. #
#..##.#..#.## .##
###@(#..#.## #.
#..O..#.## .#
###..#.## #. #..#.##
. ##..## +.## ###


You could see an ogre.

Vanquished Creatures
  3 ogres
  A hound (D:4)
  An orc priest (D:3)
  Ijyb (D:3)
  An orc wizard (D:3)
  3 gnolls
  A white imp (D:3)
  An ufetubus (D:4)
  2 dart slugs
  2 orcs (D:3)
  2 bats
  5 endoplasms
  2 giant cockroaches
  10 goblins
  5 hobgoblins
  8 jackals
  4 quokkas
  5 ball pythons
  2 frilled lizards
  4 kobolds
  3 rats
66 creatures vanquished.

Notes
Turn   | Place    | Note
-------+----------+-------------------------------------------
     0 | D:1      | thesequoiad the Minotaur Fighter began the quest for the
                  | Orb.
     0 | D:1      | Reached XP level 1. HP: 19/19 MP: 0/0
   294 | D:1      | Reached XP level 2. HP: 27/27 MP: 1/1
   637 | D:1      | Found a faded altar of an unknown god.
   637 | D:1      | Noticed a shining eye
   643 | D:1      | Noticed a floating eye
   648 | D:1      | Reached XP level 3. HP: 32/33 MP: 2/2
   658 | D:1      | Noticed a great orb of eyes
   670 | D:1      | Noticed a shining eye
   964 | D:1      | Found a sparkling altar of Nemelex Xobeh.
  1221 | D:2      | Noticed an ogre
  1361 | D:2      | Noticed an ogre
  1382 | D:2      | Killed an ogre
  1383 | D:2      | Reached skill level 5 in Armour
  1383 | D:2      | Reached XP level 4. HP: 12/41 MP: 3/3
  1383 | D:2      | Reached XP level 5. HP: 14/47 MP: 4/4
  1737 | D:2      | Killed an ogre
  1738 | D:2      | Reached skill level 5 in Fighting
  1738 | D:2      | Reached skill level 5 in Shields
  2156 | D:3      | Found a sacrificial altar of Ru.
  2167 | D:3      | Noticed Ijyb
  2183 | D:3      | Paralysed by Ijyb for 3 turns
  2189 | D:3      | Paralysed by Ijyb for 5 turns
  2200 | D:3      | Paralysed by Ijyb for 3 turns
  2204 | D:3      | Killed Ijyb
  2205 | D:3      | Reached XP level 6. HP: 48/56 MP: 5/5
  2940 | D:4      | Reached skill level 5 in Axes
  3083 | D:4      | Slain by an ogre

Illustrated notes

Levels and vault maps discovered:
D:1:      dpeg_arrival_water_altar, layout_loops_ring,
          hellmonk_ecumenical_altar_watching_god
D:2:      layout_loops_ring
D:3:      layout_loops_ring, amcnicky_altar_gilded, uniq_ijyb
D:4:      minmay_razor_zed, layout_basic, mainiacjoe_overflow_big_doors,
          kennysheep_generic_room_11, uniq_duvessa

Skill      XL: |  1  2  3  4  5  6 |
---------------+-------------------+-----
Armour         | 4 5 |  5.0
Shields        | 4 5 |  5.8
Fighting       | 4 5 |  5.9
Axes           | 3 4 5 |  5.1

Action                   |  1- 3 |  4- 6 || total
-------------------------+-------+-------++-------
Melee: War axe           |    74 |    75 ||   149
       Headbutt          |     8 |    12 ||    20
       Dagger            |     1 |       ||     1
Throw: Dart              |       |     1 ||     1
Armor: Scale mail        |    37 |    37 ||    74
Dodge: Dodged            |    26 |    28 ||    54
       Repelled          |       |     1 ||     1
Block: Kite shield       |    42 |    51 ||    93
